 Dungeon Crawl Stone Soup version 0.23.2-1-ga50397a6bc (webtiles) character file.

Game seed: 12410273312565352543

67 Descartes the Sneak (level 3, -4/17 HPs)
             Began as a Felid Wanderer on May 12, 2019.
             Slain by a gnoll
             ... wielding a cursed +0 club
              (12 damage)
             ... on level 2 of the Dungeon.
             The game lasted 00:07:23 (3997 turns).

Descartes the Sneak (Felid Wanderer)                Turns: 3997, Time: 00:07:23

Health: -4/17      AC:  1    Str:  7    XL:     3   Next: 98%
Magic:  5/5        EV: 19    Int: 15    God:
Gold:   47         SH:  0    Dex: 15    Spells: 4/4 levels left
                                        Lives:  0   Deaths: 1

rFire    . . .     SeeInvis +     - Unarmed
rCold    . . .     Gourm    .   (shield unavailable)
rNeg     . . .     Faith    .   (armour unavailable)
rPois    .         Spirit   .   (helmet unavailable)
rElec    .         Reflect  .   (cloak unavailable)
rCorr    .         Harm     .   (gloves unavailable)
MR       .....                  (boots unavailable)
Stlth    ++++......             (no amulet)
HPRegen  0.05/turn              (no ring)
MPRegen  0.09/turn              (no ring)

@: quick
A: very small, no armour, no weapons or thrown items, stealth, claws 1, fangs 3,
see invisible, carnivore, speed 1, shaggy fur 1, slow metabolism 1, sharp paws
a: no special abilities


You were on level 2 of the Dungeon.
You were completely stuffed.

You visited 1 branch of the dungeon, and saw 2 of its levels.

You collected 47 gold pieces.

Inventory:

Missiles
 l - 55 arrows
 n - 52 stones
Scrolls
 c - 2 scrolls of teleportation
 e - 2 scrolls of identify {unknown}
 g - a scroll of random uselessness {unknown}
 h - a scroll of blinking {unknown}
 m - a scroll of fog {unknown}
 o - a scroll of amnesia {unknown}
Potions
 a - 3 potions of haste
 b - a potion of flight {unknown}
 d - a potion of mutation {unknown}
Comestibles
 f - 5 rations
 i - 2 chunks of flesh


   Skills:
 - Level 3.0 Fighting
 * Level 3.6 Dodging
 * Level 5.8 Stealth
 + Level 2.1 Unarmed Combat
 - Level 1.0 Spellcasting
   Level 1.5 Hexes
   Level 1.0 Necromancy


You had 4 spell levels left.
You didn't know any spells.
Your spell library was empty.

Dungeon Overview and Level Annotations

Branches:
Dungeon (2/15)

Altars:
Uskayaw


Innate Abilities, Weirdness & Mutations

You cannot wear armour.
You are incapable of wielding weapons or throwing items.
Your paws allow you to move quietly. (Stealth)
You have sharp claws.
You have razor-sharp teeth.
You have supernaturally acute eyesight. (SInv)
You are carnivorous and can eat meat at any time.
You cover ground quickly.
You are covered in fur. (AC +1)
You have a slow metabolism.
Your sharp claws are effective at attacking unaware monsters.


Message History

The gnoll is too close now for your liking.
You see here a throwing net.
You see here a throwing net.
You see here a +0 spear.
The gnoll shouts!
You hear a shout!
The gnoll shouts!
You scratch the gnoll.
The gnoll is lightly wounded.
The gnoll barely misses you.
The gnoll hits you with a cursed +0 club.
You scratch the gnoll.
The gnoll is heavily wounded.
The gnoll closely misses you.
You closely miss the gnoll. You bite the gnoll.
The gnoll is severely wounded.
The gnoll hits you with a cursed +0 club.
The gnoll misses you.
You barely miss the gnoll.
The gnoll hits you with a cursed +0 club!
Ouch! That really hurt!
You die...

## . # #g############ #.#
######.#.......รท...
##.###...##.............
#####...##...##.#.######..##
#.........gg..g...# #..##
#.###......@....########....
#.# ##..........# #...##..#.
#.# #..##...##.###.^.......
#.# #..........)(.)......#.
#.# ##.##...#######.###....
#.## #.####.#######......#>
#..## #.............)###..#.
##.#.###.####.#######.#
#.... #.###....# #.#
#####.###.##.


You could see 2 gnolls and a hobgoblin.

Vanquished Creatures
  3 adders (D:2)
  4 gnolls (D:2)
  A leopard gecko (D:2)
  A ball python (D:2)
  4 giant cockroaches
  4 goblins
  9 hobgoblins
  2 jackals (D:2)
  A quokka (D:2)
  13 bats
  4 frilled lizards
  A kobold (D:2)
  5 rats
52 creatures vanquished.

Notes
Turn   | Place    | Note
-------+----------+-------------------------------------------
     0 | D:1      | Descartes the Felid Wanderer began the quest for the Orb.
     0 | D:1      | Descartes set off with the following items: a potion of
                  | haste, a potion of berserk rage, a scroll of teleportation,
                  | a potion of curing, a ration
     0 | D:1      | Reached XP level 1. HP: 10/10 MP: 3/3
    76 | D:1      | Reached skill level 1 in Dodging
   105 | D:1      | Reached XP level 2. HP: 14/14 MP: 4/4
  1273 | D:1      | Reached XP level 3. HP: 17/17 MP: 5/5
  1466 | D:2      | Reached skill level 5 in Stealth
  1579 | D:2      | Found a hide-covered altar of Uskayaw.
  2137 | D:2      | Reached XP level 4. HP: 14/21 MP: 6/6
  3131 | D:2      | Slain by a gnoll
  3132 | D:2      | Reached XP level 3. HP: -1/17 MP: 5/5
  3997 | D:2      | Slain by a gnoll

Skill      XL: |  1  2  3  4 |
---------------+-------------+-----
Dodging        | 1 2 3 |  3.6
Stealth        | 5 |  5.8
Unarmed Combat | 2 |  2.1
Fighting       | |  3.0
Spellcasting   | |  1.0
Hexes          | |  1.5
Necromancy     | |  1.0

Action                   |  1- 3 |  4- 6 || total
-------------------------+-------+-------++-------
Melee: Unarmed           |   127 |    48 ||   175
       Bite              |    12 |     7 ||    19
       Punch             |     1 |       ||     1
  Use: Potion            |     4 |       ||     4
 Stab: Sleeping          |    14 |     2 ||    16
  Eat: Chunk             |    17 |     2 ||    19
Armor: Skin              |     9 |     2 ||    11
Dodge: Dodged            |    81 |    52 ||   133
